PHILADELPHIA Flyers vs BOSTON Bruins (R5)

Created - 4 avril 2024 at 16:56

Goals
1 2 3 T
PHILADELPHIA Flyers 1 3 0 4
BOSTON Bruins 0 0 1 1
Shots
1 2 3 T
PHILADELPHIA Flyers 12 10 17 39
BOSTON Bruins 15 4 16 35

1st period

1. PHILADELPHIA Flyers , Filip Chytil 15 (Shea Weber 27, Alexander Edler 24) at 3:05 (PP)

Penalties :
Michael Pezzetta (BOS) for Roughing (Minor) at 2:47, Blake Wheeler (BOS) for Roughing (Minor) at 3:39, Kirill Kaprizov (BOS) for Roughing (Minor) at 10:15, Leon Draisaitl (PHI) for Tripping (Minor) at 10:36, Michael Pezzetta (BOS) for Holding Stick (Minor) at 12:52, Filip Chytil (PHI) for Interference (Minor) at 17:11

2nd period

2. PHILADELPHIA Flyers , Jonathan Drouin 7 (Mike Hoffman 19, Brenden Dillon 17) at 6:44
3. PHILADELPHIA Flyers , Sean Couturier 12 (Filip Chytil 23, Joel Edmundson 23) at 7:07
4. PHILADELPHIA Flyers , Filip Chytil 16 (Sean Monahan 19, Joel Edmundson 24) at 12:19

Penalties :
Leon Draisaitl (PHI) for High sticking (Minor) at 0:10, Jaycob Megna (BOS) for Interference (Minor) at 2:30, Josh Leivo (PHI) for Cross-checking (Minor) at 2:30, Brenden Dillon (PHI) for High sticking (Minor) at 4:15, Victor Hedman (BOS) for High sticking (Minor) at 15:50

3rd period

5. BOSTON Bruins , Kirill Kaprizov 29 (Victor Hedman 55, Joel Eriksson Ek 42) at 0:23

Penalties :
Matt Dumba (BOS) for Roughing (Minor) at 6:37, Justin Schultz (PHI) for Tripping (Minor) at 10:41

Goalie Stats

Anton Forsberg (PHI), 34 saves from 35 shots - (0,971), W, 31-28-7, 60:00 minutes
Tristan Jarry (BOS), 35 saves from 39 shots - (0,897), L, 37-27-5, 60:00 minutes

Players Stats for PHILADELPHIA Flyers

Player Name              G  A  P  +/- PIM S  H  SB GA TA FO     MP     PP MP  PK MP  
------------------------------------------------------------------------------------
Alexander Edler          0  1  1   0  0   0  4  1  0  0  0/0    19:07   4:21   0:41 
Brenden Dillon           0  1  1   1  2   1  4  4  0  0  0/0    25:07   3:52   3:15 
Chris Tierney            0  0  0   0  0   0  0  0  0  0  2/3     5:29   0:00   0:00 
Claude Giroux            0  0  0   0  0   3  3  0  0  0  1/2    25:52   4:07   4:09 
Filip Chytil             2  1  3   1  2   9  4  0  0  0  6/9    15:24   4:07   0:00 
Jakub Voracek            0  0  0   0  0   0  0  0  0  0  0/0     5:29   0:00   0:00 
Joel Edmundson           0  2  2   2  0   2  3  0  0  0  0/0    15:49   0:22   3:48 
Jonathan Drouin          1  0  1   1  0   5  1  0  0  0  7/16   10:30   0:00   2:44 
Josh Leivo               0  0  0   0  2   0  1  0  0  0  0/0     6:57   0:00   1:29 
Justin Schultz           0  0  0  -1  2   0  1  1  0  0  0/0    19:57   3:52   0:52 
Leon Draisaitl           0  0  0   0  4   6  4  0  0  0  2/8    23:20   4:06   2:57 
Mike Hoffman             0  1  1   1  0   0  4  0  0  0  0/0    12:10   4:28   0:00 
Noah Juulsen             0  0  0   2  0   1  1  0  0  0  0/0    14:52   0:00   4:13 
Sam Gagner               0  0  0   1  0   2  2  0  0  0  2/4     9:32   0:22   0:00 
Sean Couturier           1  0  1   1  0   4  1  0  0  0  5/17   18:02   4:28   2:16 
Sean Monahan             0  1  1   1  0   0  3  0  0  0  0/1    12:43   0:00   0:29 
Shea Weber               0  1  1   0  0   3  2  1  0  0  0/0    25:06   4:43   3:45 
Trevor Zegras            0  0  0   0  0   3  3  0  0  0  13/32  22:34   4:06   2:16 

Players Stats for BOSTON Bruins

Player Name              G  A  P  +/- PIM S  H  SB GA TA FO     MP     PP MP  PK MP  
------------------------------------------------------------------------------------
Adam Lowry               0  0  0  -1  0   0  0  0  0  0  13/22  11:39   0:00   6:04 
Adrian Kempe             0  0  0  -2  0   3  5  0  0  0  0/1    18:42   2:53   0:00 
Andrew Peeke             0  0  0   0  0   1  3  5  0  0  0/0    22:54   1:32   5:33 
Blake Wheeler            0  0  0   0  2   1  0  0  0  0  0/0     7:28   0:00   0:00 
Bo Horvat                0  0  0  -2  0   5  1  0  0  0  17/27  19:31   2:53   0:00 
Brad Hunt                0  0  0  -2  0   0  2  0  0  0  0/0    10:10   0:00   0:00 
Brad Marchand            0  0  0  -2  0   0  2  0  0  0  2/6    25:35   2:53   6:04 
Frank Vatrano            0  0  0   1  0   2  1  0  0  0  1/3    17:19   5:10   0:00 
Jaycob Megna             0  0  0  -2  2   0  3  2  0  0  0/0    11:01   0:00   0:52 
Joel Eriksson Ek         0  1  1   1  0   3  2  0  0  0  10/17  20:25   5:10   1:49 
Kirill Kaprizov          1  0  1   1  2   5  1  1  0  0  1/2    17:19   4:57   0:00 
Matt Dumba               0  0  0   0  2   4  2  0  0  0  0/0    22:51   3:06   3:57 
Michael Pezzetta         0  0  0  -1  4   0  2  0  0  0  0/1     5:33   0:00   0:00 
Nathan Walker            0  0  0   0  0   0  0  0  0  0  0/0     8:51   0:00   1:22 
Phil Kessel              0  0  0  -1  0   1  0  0  0  0  2/2     5:35   0:00   0:00 
Shea Theodore            0  0  0   0  0   6  1  2  0  0  0/0    25:02   3:06   4:33 
Tomas Hertl              0  0  0   0  0   3  0  1  0  0  8/11   13:35   5:10   0:42 
Victor Hedman            0  1  1   0  2   1  5  1  0  0  0/0    24:11   3:25   3:24 

3 Stars

1 - Filip Chytil (PHI)
2 - Anton Forsberg (PHI)
3 - Joel Edmundson (PHI)

Power Play

PHILADELPHIA Flyers - 1 on 6 Attempt(s) - 16,67%
BOSTON Bruins - 0 on 5 Attempt(s) - 0,00%

Penalty Kill

PHILADELPHIA Flyers - 5 on 5 Attempt(s) - 100,00% - Score 0 goal in Penalty Kill
BOSTON Bruins - 5 on 6 Attempt(s) - 83,33% - Score 0 goal in Penalty Kill

Team Stat

PHILADELPHIA Flyers - Hits : 41 - Faceoff Wins : 38 - Blocked Shots : 7 - Penalty Minutes : 12
BOSTON Bruins - Hits : 30 - Faceoff Wins : 54 - Blocked Shots : 12 - Penalty Minutes : 14

Official

Referees : Justin St. Pierre and Kendrick Nicholson
Linesman : Jenni Heikkinen and Jean-Luc Grand-Pierre

Game Notes

No Game Note

Finance

Level 1 -- Attendance: 4628 (77,13%) -- Ticket Income $462,800
Level 2 -- Attendance: 4302 (86,04%) -- Ticket Income $258,120
Level 3 -- Attendance: 1961 (98,05%) -- Ticket Income $68,635
Level 4 -- Attendance: 3851 (96,28%) -- Ticket Income $77,020
Luxury Box -- Attendance: 759 (75,90%) -- Ticket Income $151,800
Game was played at the TD Garden.
Total Attendance: 15501 (86,12%)
Total Ticket Income: $1,018,375
Other Income: $254,594
Total Income: $1,272,969

PHILADELPHIA Flyers

5 vs 5 Forward 
   Center                   Left Wing                Right Wing               Time % Phy DF OF 
 1 Trevor Zegras            Leon Draisaitl           Claude Giroux            50     1   2  2  
 2 Sean Couturier           Filip Chytil             Sean Monahan             25     1   2  2  
 3 Jonathan Drouin          Mike Hoffman             Sam Gagner               15     1   2  2  
 4 Chris Tierney            Jakub Voracek            Josh Leivo               10     1   2  2  

5 vs 5 Defense 
   Defense                  Defense                                           Time % Phy DF OF 
 1 Brenden Dillon           Shea Weber                                        40     1   2  2  
 2 Alexander Edler          Justin Schultz                                    30     1   2  2  
 3 Joel Edmundson           Noah Juulsen                                      20     1   2  2  
 4 Alexander Edler          Shea Weber                                        10     1   2  2  

PowerPlay Forward 
   Center                   Left Wing                Right Wing               Time % Phy DF OF 
 1 Filip Chytil             Leon Draisaitl           Claude Giroux            60     1   2  2  
 2 Trevor Zegras            Mike Hoffman             Sean Couturier           40     1   2  2  

PowerPlay Defense
   Defense                  Defense                                           Time % Phy DF OF 
 1 Alexander Edler          Shea Weber                                        60     1   2  2  
 2 Brenden Dillon           Justin Schultz                                    40     1   2  2  

Penalty Kill 4 Players Forward 
   Center                   Wing                     Time % Phy DF OF 
 1 Leon Draisaitl           Claude Giroux            60     1   2  2  
 2 Sean Couturier           Trevor Zegras            40     1   2  2  

Penalty Kill 4 Players Defense
   Defense                  Defense                  Time % Phy DF OF 
 1 Noah Juulsen             Brenden Dillon           60     1   2  2  
 2 Shea Weber               Joel Edmundson           40     1   2  2  

Penalty Kill - 3 Players Forward 
   Forward                                           Time % Phy DF OF 
 1 Leon Draisaitl                                    60     1   2  2  
 2 Claude Giroux                                     40     1   2  2  

Penalty Kill - 3 Players Defense
   Defense                  Defense                  Time % Phy DF OF 
 1 Shea Weber               Brenden Dillon           60     1   2  2  
 2 Justin Schultz           Joel Edmundson           40     1   2  2  

4 vs 4 Forward 
   Center                   Wing                     Time % Phy DF OF 
 1 Leon Draisaitl           Claude Giroux            60     1   2  2  
 2 Sean Monahan             Trevor Zegras            40     1   2  2  

4 vs 4 Defense
   Defense                  Defense                  Time % Phy DF OF 
 1 Justin Schultz           Brenden Dillon           60     1   2  2  
 2 Shea Weber               Joel Edmundson           40     1   2  2  

Last Minutes Offensive
   Center                   Left Wing                Right Wing               Defense                  Defense                  
   Claude Giroux            Leon Draisaitl           Trevor Zegras            Shea Weber               Brenden Dillon           

Last Minutes Defensive
   Center                   Left Wing                Right Wing               Defense                  Defense                  
   Sean Monahan             Jonathan Drouin          Claude Giroux            Alexander Edler          Justin Schultz           

Goaltenders
Starting : Anton Forsberg           
Backup : Yaroslav Askarov         

Extra Forwards
Normal : Sam Gagner, Claude Giroux, Jonathan Drouin - PP : Sam Gagner, Claude Giroux - PK : Jonathan Drouin
Extra Defensemen
Normal : Justin Schultz, Alexander Edler, Shea Weber - PP : Alexander Edler - PK : Shea Weber, Noah Juulsen
Penalty Shots
Leon Draisaitl, Claude Giroux, Jonathan Drouin, Trevor Zegras, Mike Hoffman

Scratches
None

BOSTON Bruins

5 vs 5 Forward 
   Center                   Left Wing                Right Wing               Time % Phy DF OF 
 1 Bo Horvat                Brad Marchand            Adrian Kempe             38     1   2  2  
 2 Joel Eriksson Ek         Kirill Kaprizov          Frank Vatrano            34     1   2  2  
 3 Tomas Hertl              Nathan Walker            Blake Wheeler            20     1   2  2  
 4 Adam Lowry               Michael Pezzetta         Phil Kessel              8      1   2  2  

5 vs 5 Defense 
   Defense                  Defense                                           Time % Phy DF OF 
 1 Victor Hedman            Shea Theodore                                     43     1   2  2  
 2 Andrew Peeke             Matt Dumba                                        41     1   3  1  
 3 Jaycob Megna             Brad Hunt                                         16     2   2  1  
 4 Victor Hedman            Shea Theodore                                     0      1   2  2  

PowerPlay Forward 
   Center                   Left Wing                Right Wing               Time % Phy DF OF 
 1 Bo Horvat                Brad Marchand            Adrian Kempe             60     1   2  2  
 2 Tomas Hertl              Joel Eriksson Ek         Frank Vatrano            40     1   2  2  

PowerPlay Defense
   Defense                  Defense                                           Time % Phy DF OF 
 1 Victor Hedman            Kirill Kaprizov                                   60     1   2  2  
 2 Matt Dumba               Shea Theodore                                     40     1   2  2  

Penalty Kill 4 Players Forward 
   Center                   Wing                     Time % Phy DF OF 
 1 Adam Lowry               Brad Marchand            60     1   2  2  
 2 Joel Eriksson Ek         Andrew Peeke             40     1   2  2  

Penalty Kill 4 Players Defense
   Defense                  Defense                  Time % Phy DF OF 
 1 Victor Hedman            Andrew Peeke             60     1   2  2  
 2 Matt Dumba               Shea Theodore            40     1   2  2  

Penalty Kill - 3 Players Forward 
   Forward                                           Time % Phy DF OF 
 1 Adam Lowry                                        60     1   2  2  
 2 Joel Eriksson Ek                                  40     1   2  2  

Penalty Kill - 3 Players Defense
   Defense                  Defense                  Time % Phy DF OF 
 1 Victor Hedman            Andrew Peeke             60     1   2  2  
 2 Matt Dumba               Shea Theodore            40     1   2  2  

4 vs 4 Forward 
   Center                   Wing                     Time % Phy DF OF 
 1 Bo Horvat                Brad Marchand            60     1   2  2  
 2 Joel Eriksson Ek         Adrian Kempe             40     1   2  2  

4 vs 4 Defense
   Defense                  Defense                  Time % Phy DF OF 
 1 Victor Hedman            Shea Theodore            60     1   2  2  
 2 Andrew Peeke             Matt Dumba               40     1   2  2  

Last Minutes Offensive
   Center                   Left Wing                Right Wing               Defense                  Defense                  
   Bo Horvat                Kirill Kaprizov          Andrew Peeke             Victor Hedman            Shea Theodore            

Last Minutes Defensive
   Center                   Left Wing                Right Wing               Defense                  Defense                  
   Bo Horvat                Brad Marchand            Adrian Kempe             Victor Hedman            Andrew Peeke             

Goaltenders
Starting : Tristan Jarry            
Backup : Casey DeSmith            

Extra Forwards
Normal : Kirill Kaprizov, Tomas Hertl, Brad Marchand - PP : Kirill Kaprizov, Tomas Hertl - PK : Adam Lowry
Extra Defensemen
Normal : Victor Hedman, Shea Theodore, Matt Dumba - PP : Victor Hedman - PK : Andrew Peeke, Victor Hedman
Penalty Shots
Bo Horvat, Adrian Kempe, Kirill Kaprizov, Tomas Hertl, Brad Marchand

Scratches
None


% Time on Ice - PHILADELPHIA Flyers

Lines # - Real PCT - Wanted PCT - Time Play
Normal Forward
1 - 38% - 50% - 15:16
2 - 28% - 25% - 11:18
3 - 19% - 15% - 7:42
4 - 14% - 10% - 5:29
Normal Defense
1 - 39% - 40% - 15:38
2 - 33% - 30% - 12:58
3 - 27% - 20% - 10:39
4 - 1% - 10% - 0:30
PP Forward
1 - 48% - 60% - 4:07
2 - 52% - 40% - 4:28
PP Defense
1 - 55% - 60% - 4:43
2 - 45% - 40% - 3:52
PK Forward
1 - 72% - 60% - 5:47
2 - 28% - 40% - 2:16
PK Defense
1 - 60% - 60% - 4:50
2 - 40% - 40% - 3:13
PK3 Forward
1 - 100% - 60% - 0:14
2 - 0% - 40% - 0:00
PK3 Defense
1 - 100% - 60% - 0:14
2 - 0% - 40% - 0:00
44 Forward
1 - 72% - 60% - 2:27
2 - 28% - 40% - 0:56
44 Defense
1 - 70% - 60% - 2:23
2 - 30% - 40% - 1:00
Last Minute Offensive  - 0:00
Last Minute Defensive  - 0:00
Total
Forward - 60:00
Defense - 60:00

% Time on Ice - BOSTON Bruins

Lines # - Real PCT - Wanted PCT - Time Play
Normal Forward
1 - 37% - 38% - 14:32
2 - 31% - 34% - 12:09
3 - 19% - 20% - 7:29
4 - 14% - 8% - 5:35
Normal Defense
1 - 38% - 43% - 15:18
2 - 36% - 41% - 14:17
3 - 26% - 16% - 10:10
4 - 0% - 0% - 0:00
PP Forward
1 - 36% - 60% - 2:53
2 - 64% - 40% - 5:10
PP Defense
1 - 61% - 60% - 4:57
2 - 39% - 40% - 3:06
PK Forward
1 - 79% - 60% - 6:46
2 - 21% - 40% - 1:49
PK Defense
1 - 55% - 60% - 4:44
2 - 45% - 40% - 3:51
PK3 Forward
1 - 0% - 60%
2 - 0% - 40%
PK3 Defense
1 - 0% - 60%
2 - 0% - 40%
44 Forward
1 - 65% - 60% - 2:20
2 - 35% - 40% - 1:17
44 Defense
1 - 58% - 60% - 2:05
2 - 42% - 40% - 1:32
Last Minute Offensive  - 0:00
Last Minute Defensive  - 0:00
Total
Forward - 60:00
Defense - 60:00

Play-by-Play

1st period


0:01 of 1st period - Bo Horvat wins face-off versus Trevor Zegras in neutral zone.
1:40 of 1st period - Andrew Peeke is hit by Filip Chytil.
2:04 of 1st period - Shot by Justin Schultz.
2:04 of 1st period - Deflect By Filip Chytil.
2:04 of 1st period - Shot Blocked by Jaycob Megna.
2:06 of 1st period - Shot by Sean Monahan.
2:06 of 1st period - Shot Misses the Net.
2:08 of 1st period - Shot by Filip Chytil.
2:08 of 1st period - Shot Misses the Net.
2:10 of 1st period - Shot by Filip Chytil.
2:10 of 1st period - Deflect By Sean Couturier.
2:10 of 1st period - Stopped by Tristan Jarry without a rebound.
2:11 of 1st period - Adam Lowry wins face-off versus Jonathan Drouin in BOSTON Bruins zone.
2:11 of 1st period - Adam Lowry is hit by Mike Hoffman.
2:18 of 1st period - Jonathan Drouin is hit by Victor Hedman and loses puck.
2:24 of 1st period - Victor Hedman is hit by Joel Edmundson and loses puck.
2:46 of 1st period - Joel Edmundson is hit by Michael Pezzetta.
2:47 of 1st period - Minor Penalty to Michael Pezzetta for Roughing.
2:48 of 1st period - Filip Chytil wins face-off versus Adam Lowry in BOSTON Bruins zone.
3:03 of 1st period - Shot by Alexander Edler.
3:03 of 1st period - Shot Misses the Net.
3:05 of 1st period - Shot by Shea Weber.
3:05 of 1st period - Deflect By Filip Chytil.
3:05 of 1st period - Goal by Filip Chytil - PHILADELPHIA Flyers : 1 - BOSTON Bruins : 0.
3:06 of 1st period - Tomas Hertl wins face-off versus Chris Tierney in neutral zone.
3:08 of 1st period - Jaycob Megna is hit by Justin Schultz and loses puck.
3:19 of 1st period - Shot by Tomas Hertl.
3:19 of 1st period - Stopped by Anton Forsberg with a rebound.
3:39 of 1st period - Minor Penalty to Blake Wheeler for Roughing.
3:40 of 1st period - Trevor Zegras wins face-off versus Adam Lowry in BOSTON Bruins zone.
3:50 of 1st period - Icing by Brenden Dillon.
3:51 of 1st period - Adam Lowry wins face-off versus Trevor Zegras in PHILADELPHIA Flyers zone.
4:12 of 1st period - Shot by Justin Schultz.
4:12 of 1st period - Shot Misses the Net.
4:18 of 1st period - Shot by Justin Schultz.
4:18 of 1st period - Shot Blocked by Shea Theodore.
4:20 of 1st period - Shot by Brenden Dillon.
4:20 of 1st period - Shot Misses the Net.
4:46 of 1st period - Shot by Leon Draisaitl.
4:46 of 1st period - Shot Blocked by Andrew Peeke.
4:48 of 1st period - Shot by Shea Weber.
4:48 of 1st period - Stopped by Tristan Jarry without a rebound.
4:49 of 1st period - Adam Lowry wins face-off versus Filip Chytil in BOSTON Bruins zone.
5:12 of 1st period - Shot by Claude Giroux.
5:12 of 1st period - Shot Blocked by Andrew Peeke.
5:14 of 1st period - Shot by Shea Weber.
5:14 of 1st period - Shot Blocked by Andrew Peeke.
5:16 of 1st period - Shot by Shea Weber.
5:16 of 1st period - Stopped by Tristan Jarry without a rebound.
5:17 of 1st period - Trevor Zegras wins face-off versus Adam Lowry in BOSTON Bruins zone.
6:08 of 1st period - Shot by Tomas Hertl.
6:08 of 1st period - Stopped by Anton Forsberg without a rebound.
6:09 of 1st period - Trevor Zegras wins face-off versus Joel Eriksson Ek in PHILADELPHIA Flyers zone.
6:58 of 1st period - Shea Theodore is hit by Leon Draisaitl.
7:13 of 1st period - Victor Hedman is hit by Alexander Edler.
7:42 of 1st period - Sean Monahan is hit by Adrian Kempe and loses puck.
7:51 of 1st period - Shot by Bo Horvat.
7:51 of 1st period - Shot Misses the Net.
7:56 of 1st period - Icing by Filip Chytil.
7:57 of 1st period - Tomas Hertl wins face-off versus Sean Couturier in PHILADELPHIA Flyers zone.
8:53 of 1st period - Sam Gagner is hit by Matt Dumba and loses puck.
9:00 of 1st period - Shot by Sam Gagner.
9:00 of 1st period - Shot Misses the Net.
9:05 of 1st period - Mike Hoffman is hit by Andrew Peeke and loses puck.
9:15 of 1st period - Off-side.
9:16 of 1st period - Bo Horvat wins face-off versus Trevor Zegras in neutral zone.
9:49 of 1st period - Shot by Adrian Kempe.
9:49 of 1st period - Deflect By Bo Horvat.
9:49 of 1st period - Stopped by Anton Forsberg without a rebound.
9:50 of 1st period - Chris Tierney wins face-off versus Frank Vatrano in PHILADELPHIA Flyers zone.
9:50 of 1st period - Chris Tierney is hit by Kirill Kaprizov.
10:08 of 1st period - Shot by Joel Eriksson Ek.
10:08 of 1st period - Deflect By Kirill Kaprizov.
10:08 of 1st period - Shot Misses the Net.
10:15 of 1st period - Minor Penalty to Kirill Kaprizov for Roughing.
10:16 of 1st period - Adam Lowry wins face-off versus Claude Giroux in BOSTON Bruins zone.
10:24 of 1st period - Off-side.
10:25 of 1st period - Filip Chytil wins face-off versus Brad Marchand in neutral zone.
10:34 of 1st period - Shot by Filip Chytil.
10:34 of 1st period - Stopped by Tristan Jarry without a rebound.
10:35 of 1st period - Adam Lowry wins face-off versus Filip Chytil in BOSTON Bruins zone.
10:35 of 1st period - Adam Lowry is hit by Leon Draisaitl.
10:36 of 1st period - Minor Penalty to Leon Draisaitl for Tripping.
10:37 of 1st period - Sam Gagner wins face-off versus Bo Horvat in PHILADELPHIA Flyers zone.
10:43 of 1st period - Claude Giroux is hit by Shea Theodore and loses puck.
10:52 of 1st period - Shot by Bo Horvat.
10:52 of 1st period - Shot Misses the Net.
11:34 of 1st period - Icing by Claude Giroux.
11:35 of 1st period - Sam Gagner wins face-off versus Joel Eriksson Ek in PHILADELPHIA Flyers zone.
11:46 of 1st period - Justin Schultz is hit by Adrian Kempe and loses puck.
11:57 of 1st period - Shot by Adrian Kempe.
11:57 of 1st period - Stopped by Anton Forsberg without a rebound.
11:58 of 1st period - Bo Horvat wins face-off versus Sean Monahan in PHILADELPHIA Flyers zone.
12:10 of 1st period - Shot by Shea Weber.
12:10 of 1st period - Deflect By Trevor Zegras.
12:10 of 1st period - Stopped by Tristan Jarry without a rebound.
12:11 of 1st period - Bo Horvat wins face-off versus Jonathan Drouin in BOSTON Bruins zone.
12:15 of 1st period - Off-side.
12:16 of 1st period - Claude Giroux wins face-off versus Tomas Hertl in neutral zone.
12:16 of 1st period - Joel Edmundson is hit by Joel Eriksson Ek and loses puck.
12:22 of 1st period - Joel Eriksson Ek is hit by Joel Edmundson and loses puck.
12:38 of 1st period - Brad Marchand is hit by Alexander Edler and loses puck.
12:51 of 1st period - Shot by Adrian Kempe.
12:51 of 1st period - Stopped by Anton Forsberg without a rebound.
12:52 of 1st period - Chris Tierney wins face-off versus Michael Pezzetta in PHILADELPHIA Flyers zone.
12:52 of 1st period - Minor Penalty to Michael Pezzetta for Holding Stick.
12:53 of 1st period - Adam Lowry wins face-off versus Trevor Zegras in BOSTON Bruins zone.
13:14 of 1st period - Off-side.
13:15 of 1st period - Adam Lowry wins face-off versus Filip Chytil in neutral zone.
13:17 of 1st period - Off-side.
13:18 of 1st period - Filip Chytil wins face-off versus Brad Marchand in neutral zone.
13:23 of 1st period - Shot by Brenden Dillon.
13:23 of 1st period - Shot Misses the Net.
13:25 of 1st period - Shot by Claude Giroux.
13:25 of 1st period - Shot Blocked by Victor Hedman.
13:27 of 1st period - Shot by Leon Draisaitl.
13:27 of 1st period - Stopped by Tristan Jarry with a rebound.
14:27 of 1st period - Shot by Shea Weber.
14:27 of 1st period - Stopped by Tristan Jarry without a rebound.
14:28 of 1st period - Trevor Zegras wins face-off versus Adam Lowry in BOSTON Bruins zone.
14:28 of 1st period - Alexander Edler is hit by Matt Dumba and loses puck.
14:33 of 1st period - Shot by Trevor Zegras.
14:33 of 1st period - Stopped by Tristan Jarry without a rebound.
14:34 of 1st period - Adam Lowry wins face-off versus Trevor Zegras in BOSTON Bruins zone.
14:47 of 1st period - Shot by Mike Hoffman.
14:47 of 1st period - Shot Blocked by Shea Theodore.
14:49 of 1st period - Shot by Trevor Zegras.
14:49 of 1st period - Shot Misses the Net.
15:17 of 1st period - Shot by Frank Vatrano.
15:17 of 1st period - Stopped by Anton Forsberg without a rebound.
15:18 of 1st period - Trevor Zegras wins face-off versus Bo Horvat in PHILADELPHIA Flyers zone.
15:18 of 1st period - Claude Giroux is hit by Brad Marchand and loses puck.
15:45 of 1st period - Shot by Bo Horvat.
15:45 of 1st period - Shot Misses the Net.
15:47 of 1st period - Shot by Matt Dumba.
15:47 of 1st period - Stopped by Anton Forsberg without a rebound.
15:48 of 1st period - Sean Couturier wins face-off versus Kirill Kaprizov in PHILADELPHIA Flyers zone.
15:53 of 1st period - Shot by Joel Eriksson Ek.
15:53 of 1st period - Shot Misses the Net.
15:59 of 1st period - Shot by Frank Vatrano.
15:59 of 1st period - Deflect By Kirill Kaprizov.
15:59 of 1st period - Shot Blocked by Justin Schultz.
16:01 of 1st period - Shot by Shea Theodore.
16:01 of 1st period - Stopped by Anton Forsberg without a rebound.
16:02 of 1st period - Tomas Hertl wins face-off versus Jonathan Drouin in PHILADELPHIA Flyers zone.
16:18 of 1st period - Shot by Sam Gagner.
16:18 of 1st period - Shot Misses the Net.
16:20 of 1st period - Shot by Sam Gagner.
16:20 of 1st period - Stopped by Tristan Jarry without a rebound.
16:21 of 1st period - Bo Horvat wins face-off versus Trevor Zegras in BOSTON Bruins zone.
16:21 of 1st period - Bo Horvat is hit by Leon Draisaitl.
16:57 of 1st period - Shea Theodore is hit by Trevor Zegras and loses puck.
17:11 of 1st period - Minor Penalty to Filip Chytil for Interference.
17:12 of 1st period - Leon Draisaitl wins face-off versus Joel Eriksson Ek in PHILADELPHIA Flyers zone.
17:26 of 1st period - Joel Eriksson Ek is hit by Josh Leivo and loses puck.
17:31 of 1st period - Shot by Joel Edmundson.
17:31 of 1st period - Shot Misses the Net.
17:33 of 1st period - Shot by Shea Weber.
17:33 of 1st period - Shot Blocked by Tomas Hertl.
17:35 of 1st period - Shot by Joel Edmundson.
17:35 of 1st period - Stopped by Tristan Jarry without a rebound.
17:36 of 1st period - Tomas Hertl wins face-off versus Leon Draisaitl in BOSTON Bruins zone.
17:55 of 1st period - Shot by Shea Theodore.
17:55 of 1st period - Shot Misses the Net.
17:57 of 1st period - Shot by Matt Dumba.
17:57 of 1st period - Stopped by Anton Forsberg without a rebound.
17:58 of 1st period - Sean Couturier wins face-off versus Bo Horvat in PHILADELPHIA Flyers zone.
18:47 of 1st period - Shot by Shea Theodore.
18:47 of 1st period - Stopped by Anton Forsberg with a rebound.
18:49 of 1st period - Shot by Matt Dumba.
18:49 of 1st period - Stopped by Anton Forsberg without a rebound.
18:50 of 1st period - Tomas Hertl wins face-off versus Sean Couturier in PHILADELPHIA Flyers zone.
19:05 of 1st period - Shot by Shea Theodore.
19:05 of 1st period - Deflect By Joel Eriksson Ek.
19:05 of 1st period - Stopped by Anton Forsberg with a rebound.
19:07 of 1st period - Shot by Shea Theodore.
19:07 of 1st period - Stopped by Anton Forsberg with a rebound.
19:09 of 1st period - Shot by Joel Eriksson Ek.
19:09 of 1st period - Shot Misses the Net.
19:11 of 1st period - Shot by Matt Dumba.
19:11 of 1st period - Stopped by Anton Forsberg without a rebound.
19:12 of 1st period - Adam Lowry wins face-off versus Jonathan Drouin in PHILADELPHIA Flyers zone.
19:33 of 1st period - Shot by Phil Kessel.
19:33 of 1st period - Stopped by Anton Forsberg without a rebound.
19:34 of 1st period - Sean Couturier wins face-off versus Bo Horvat in PHILADELPHIA Flyers zone.
19:41 of 1st period - Shot by Filip Chytil.
19:41 of 1st period - Stopped by Tristan Jarry without a rebound.
19:42 of 1st period - Bo Horvat wins face-off versus Sean Couturier in BOSTON Bruins zone.
19:49 of 1st period - Matt Dumba is hit by Filip Chytil and loses puck.
Goals for this period are 1 for PHILADELPHIA Flyers vs 0 for BOSTON Bruins.
Shots for this period are 12 for PHILADELPHIA Flyers vs 15 for BOSTON Bruins.

2nd period


0:01 of 2nd period - Trevor Zegras wins face-off versus Joel Eriksson Ek in neutral zone.
0:07 of 2nd period - Off-side.
0:08 of 2nd period - Trevor Zegras wins face-off versus Bo Horvat in neutral zone.
0:10 of 2nd period - Minor Penalty to Leon Draisaitl for High sticking.
0:11 of 2nd period - Jonathan Drouin wins face-off versus Bo Horvat in PHILADELPHIA Flyers zone.
0:11 of 2nd period - Brenden Dillon is hit by Bo Horvat and loses puck.
0:22 of 2nd period - Shot by Bo Horvat.
0:22 of 2nd period - Deflect By Adrian Kempe.
0:22 of 2nd period - Shot Misses the Net.
0:24 of 2nd period - Shot by Kirill Kaprizov.
0:24 of 2nd period - Stopped by Anton Forsberg without a rebound.
0:25 of 2nd period - Jonathan Drouin wins face-off versus Tomas Hertl in PHILADELPHIA Flyers zone.
0:31 of 2nd period - Icing by Matt Dumba.
0:32 of 2nd period - Jonathan Drouin wins face-off versus Frank Vatrano in BOSTON Bruins zone.
1:42 of 2nd period - Shot by Victor Hedman.
1:42 of 2nd period - Shot Misses the Net.
1:55 of 2nd period - Adrian Kempe is hit by Shea Weber and loses puck.
2:22 of 2nd period - Justin Schultz is hit by Jaycob Megna and loses puck.
2:26 of 2nd period - Chris Tierney is hit by Jaycob Megna and loses puck.
2:30 of 2nd period - Minor Penalty to Jaycob Megna for Interference.
2:30 of 2nd period - Minor Penalty to Josh Leivo for Cross-checking.
2:31 of 2nd period - Bo Horvat wins face-off versus Leon Draisaitl in BOSTON Bruins zone.
4:15 of 2nd period - Minor Penalty to Brenden Dillon for High sticking.
4:16 of 2nd period - Kirill Kaprizov wins face-off versus Leon Draisaitl in PHILADELPHIA Flyers zone.
5:25 of 2nd period - Joel Edmundson is hit by Joel Eriksson Ek and loses puck.
6:16 of 2nd period - Icing by Joel Edmundson.
6:17 of 2nd period - Phil Kessel wins face-off versus Jonathan Drouin in PHILADELPHIA Flyers zone.
6:18 of 2nd period - Shot by Michael Pezzetta.
6:18 of 2nd period - Shot Misses the Net.
6:32 of 2nd period - Shot by Sam Gagner.
6:32 of 2nd period - Shot Misses the Net.
6:42 of 2nd period - Shot by Jonathan Drouin.
6:42 of 2nd period - Stopped by Tristan Jarry with a rebound.
6:44 of 2nd period - Shot by Mike Hoffman.
6:44 of 2nd period - Deflect By Jonathan Drouin.
6:44 of 2nd period - Goal by Jonathan Drouin - PHILADELPHIA Flyers : 2 - BOSTON Bruins : 0.
6:45 of 2nd period - Brad Marchand wins face-off versus Sean Couturier in neutral zone.
6:45 of 2nd period - Bo Horvat is hit by Sean Monahan and loses puck.
6:50 of 2nd period - Jaycob Megna is hit by Sean Monahan and loses puck.
7:07 of 2nd period - Shot by Sean Couturier.
7:07 of 2nd period - The goal is going for a video replay.
7:07 of 2nd period - The goal is good.
7:07 of 2nd period - Goal by Sean Couturier - PHILADELPHIA Flyers : 3 - BOSTON Bruins : 0.
7:08 of 2nd period - Adam Lowry wins face-off versus Trevor Zegras in neutral zone.
7:18 of 2nd period - Adam Lowry is hit by Shea Weber and loses puck.
8:01 of 2nd period - Shea Theodore is hit by Sean Monahan and loses puck.
8:29 of 2nd period - Sean Couturier is hit by Jaycob Megna and loses puck.
9:54 of 2nd period - Shot by Josh Leivo.
9:54 of 2nd period - Deflect By Chris Tierney.
9:54 of 2nd period - Shot Misses the Net.
9:56 of 2nd period - Shot by Josh Leivo.
9:56 of 2nd period - Shot Misses the Net.
11:33 of 2nd period - Off-side.
11:34 of 2nd period - Bo Horvat wins face-off versus Sean Couturier in neutral zone.
11:39 of 2nd period - Shot by Adrian Kempe.
11:39 of 2nd period - Deflect By Bo Horvat.
11:39 of 2nd period - Stopped by Anton Forsberg without a rebound.
11:40 of 2nd period - Sean Couturier wins face-off versus Bo Horvat in PHILADELPHIA Flyers zone.
11:40 of 2nd period - Sean Couturier is hit by Adrian Kempe.
11:52 of 2nd period - Brad Marchand is hit by Filip Chytil and loses puck.
11:57 of 2nd period - Shot by Joel Edmundson.
11:57 of 2nd period - Shot Misses the Net.
11:59 of 2nd period - Shot by Noah Juulsen.
11:59 of 2nd period - Stopped by Tristan Jarry with a rebound.
12:09 of 2nd period - Shot by Sean Couturier.
12:09 of 2nd period - Shot Misses the Net.
12:11 of 2nd period - Shot by Filip Chytil.
12:11 of 2nd period - Shot Hit the Post.
12:17 of 2nd period - Shot by Filip Chytil.
12:17 of 2nd period - Shot Blocked by Jaycob Megna.
12:19 of 2nd period - Shot by Filip Chytil.
12:19 of 2nd period - Goal by Filip Chytil - PHILADELPHIA Flyers : 4 - BOSTON Bruins : 0.
12:20 of 2nd period - Tomas Hertl wins face-off versus Sam Gagner in neutral zone.
12:20 of 2nd period - Victor Hedman is hit by Sam Gagner and loses puck.
12:34 of 2nd period - Shea Weber is hit by Victor Hedman.
12:47 of 2nd period - Shot by Jonathan Drouin.
12:47 of 2nd period - Stopped by Tristan Jarry without a rebound.
12:48 of 2nd period - Joel Eriksson Ek wins face-off versus Trevor Zegras in BOSTON Bruins zone.
12:48 of 2nd period - Joel Eriksson Ek is hit by Trevor Zegras.
12:51 of 2nd period - Kirill Kaprizov is hit by Leon Draisaitl and loses puck.
13:02 of 2nd period - Shot by Leon Draisaitl.
13:02 of 2nd period - Shot Blocked by Kirill Kaprizov.
13:20 of 2nd period - Shot by Trevor Zegras.
13:20 of 2nd period - Stopped by Tristan Jarry without a rebound.
13:21 of 2nd period - Bo Horvat wins face-off versus Sean Couturier in BOSTON Bruins zone.
14:01 of 2nd period - Brad Marchand is hit by Brenden Dillon and loses puck.
14:34 of 2nd period - Icing by Joel Eriksson Ek.
14:35 of 2nd period - Joel Eriksson Ek wins face-off versus Trevor Zegras in BOSTON Bruins zone.
14:49 of 2nd period - Andrew Peeke is hit by Trevor Zegras and loses puck.
15:43 of 2nd period - Icing by Justin Schultz.
15:44 of 2nd period - Trevor Zegras wins face-off versus Bo Horvat in PHILADELPHIA Flyers zone.
15:50 of 2nd period - Minor Penalty to Victor Hedman for High sticking.
15:51 of 2nd period - Adam Lowry wins face-off versus Sam Gagner in BOSTON Bruins zone.
15:51 of 2nd period - Andrew Peeke is hit by Sam Gagner and loses puck.
16:10 of 2nd period - Shot by Shea Weber.
16:10 of 2nd period - Shot Hit the Post.
16:12 of 2nd period - Shot by Joel Edmundson.
16:12 of 2nd period - Stopped by Tristan Jarry without a rebound.
16:13 of 2nd period - Filip Chytil wins face-off versus Adam Lowry in BOSTON Bruins zone.
16:18 of 2nd period - Shot by Filip Chytil.
16:18 of 2nd period - Stopped by Tristan Jarry without a rebound.
16:19 of 2nd period - Brad Marchand wins face-off versus Trevor Zegras in BOSTON Bruins zone.
18:14 of 2nd period - Shot by Frank Vatrano.
18:14 of 2nd period - Shot Misses the Net.
18:16 of 2nd period - Shot by Frank Vatrano.
18:16 of 2nd period - Stopped by Anton Forsberg without a rebound.
18:17 of 2nd period - Jonathan Drouin wins face-off versus Adrian Kempe in PHILADELPHIA Flyers zone.
18:17 of 2nd period - Jonathan Drouin is hit by Brad Marchand.
18:22 of 2nd period - Sam Gagner is hit by Adrian Kempe.
18:31 of 2nd period - Sam Gagner is hit by Brad Hunt and loses puck.
19:42 of 2nd period - Shot by Joel Eriksson Ek.
19:42 of 2nd period - Deflect By Kirill Kaprizov.
19:42 of 2nd period - Stopped by Anton Forsberg without a rebound.
19:43 of 2nd period - Trevor Zegras wins face-off versus Tomas Hertl in PHILADELPHIA Flyers zone.
19:58 of 2nd period - Shot by Leon Draisaitl.
19:58 of 2nd period - Stopped by Tristan Jarry with a rebound.
Goals for this period are 3 for PHILADELPHIA Flyers vs 0 for BOSTON Bruins.
Shots for this period are 10 for PHILADELPHIA Flyers vs 4 for BOSTON Bruins.

3rd period


0:01 of 3rd period - Bo Horvat wins face-off versus Trevor Zegras in neutral zone.
0:08 of 3rd period - Shot by Bo Horvat.
0:08 of 3rd period - Shot Misses the Net.
0:15 of 3rd period - Shot by Bo Horvat.
0:15 of 3rd period - Stopped by Anton Forsberg without a rebound.
0:16 of 3rd period - Joel Eriksson Ek wins face-off versus Sean Couturier in PHILADELPHIA Flyers zone.
0:20 of 3rd period - Kirill Kaprizov is hit by Alexander Edler and loses puck.
0:23 of 3rd period - Shot by Kirill Kaprizov.
0:23 of 3rd period - Goal by Kirill Kaprizov - PHILADELPHIA Flyers : 4 - BOSTON Bruins : 1.
0:24 of 3rd period - Bo Horvat wins face-off versus Trevor Zegras in neutral zone.
0:31 of 3rd period - Shot by Brad Marchand.
0:31 of 3rd period - Shot Misses the Net.
0:53 of 3rd period - Shot by Claude Giroux.
0:53 of 3rd period - Shot Blocked by Andrew Peeke.
0:55 of 3rd period - Shot by Claude Giroux.
0:55 of 3rd period - Shot Blocked by Andrew Peeke.
0:57 of 3rd period - Shot by Brenden Dillon.
0:57 of 3rd period - Shot Misses the Net.
0:59 of 3rd period - Shot by Leon Draisaitl.
0:59 of 3rd period - Stopped by Tristan Jarry without a rebound.
1:00 of 3rd period - Joel Eriksson Ek wins face-off versus Sean Couturier in BOSTON Bruins zone.
1:18 of 3rd period - Filip Chytil is hit by Victor Hedman and loses puck.
1:24 of 3rd period - Sean Couturier is hit by Victor Hedman and loses puck.
1:33 of 3rd period - Kirill Kaprizov is hit by Filip Chytil and loses puck.
2:03 of 3rd period - Bo Horvat is hit by Joel Edmundson and loses puck.
2:14 of 3rd period - Brad Marchand is hit by Mike Hoffman and loses puck.
2:24 of 3rd period - Brad Marchand is hit by Noah Juulsen and loses puck.
2:35 of 3rd period - Bo Horvat is hit by Mike Hoffman and loses puck.
3:24 of 3rd period - Shot by Tomas Hertl.
3:24 of 3rd period - Stopped by Anton Forsberg without a rebound.
3:25 of 3rd period - Phil Kessel wins face-off versus Sean Couturier in PHILADELPHIA Flyers zone.
3:36 of 3rd period - Shot by Phil Kessel.
3:36 of 3rd period - Shot Blocked by Alexander Edler.
3:38 of 3rd period - Shot by Shea Theodore.
3:38 of 3rd period - Stopped by Anton Forsberg with a rebound.
3:40 of 3rd period - Shot by Adam Lowry.
3:40 of 3rd period - Shot Misses the Net.
3:42 of 3rd period - Shot by Michael Pezzetta.
3:42 of 3rd period - Shot Misses the Net.
3:58 of 3rd period - Shot by Adam Lowry.
3:58 of 3rd period - Deflect By Phil Kessel.
3:58 of 3rd period - Shot Misses the Net.
4:00 of 3rd period - Shot by Shea Theodore.
4:00 of 3rd period - Shot Misses the Net.
4:02 of 3rd period - Shot by Victor Hedman.
4:02 of 3rd period - Stopped by Anton Forsberg without a rebound.
4:03 of 3rd period - Joel Eriksson Ek wins face-off versus Jonathan Drouin in PHILADELPHIA Flyers zone.
4:08 of 3rd period - Shot by Joel Eriksson Ek.
4:08 of 3rd period - Stopped by Anton Forsberg without a rebound.
4:09 of 3rd period - Trevor Zegras wins face-off versus Bo Horvat in PHILADELPHIA Flyers zone.
4:52 of 3rd period - Shot by Bo Horvat.
4:52 of 3rd period - Stopped by Anton Forsberg without a rebound.
4:53 of 3rd period - Sean Couturier wins face-off versus Joel Eriksson Ek in PHILADELPHIA Flyers zone.
5:09 of 3rd period - Kirill Kaprizov is hit by Sean Couturier.
5:11 of 3rd period - Shot by Joel Eriksson Ek.
5:11 of 3rd period - Stopped by Anton Forsberg without a rebound.
5:12 of 3rd period - Tomas Hertl wins face-off versus Jonathan Drouin in PHILADELPHIA Flyers zone.
5:17 of 3rd period - Shot by Blake Wheeler.
5:17 of 3rd period - Shot Misses the Net.
5:26 of 3rd period - Sam Gagner is hit by Brad Hunt and loses puck.
5:29 of 3rd period - Shot by Jonathan Drouin.
5:29 of 3rd period - Stopped by Tristan Jarry without a rebound.
5:30 of 3rd period - Bo Horvat wins face-off versus Trevor Zegras in BOSTON Bruins zone.
5:30 of 3rd period - Bo Horvat is hit by Claude Giroux.
5:38 of 3rd period - Shot by Leon Draisaitl.
5:38 of 3rd period - Shot Misses the Net.
5:50 of 3rd period - Shot by Claude Giroux.
5:50 of 3rd period - Shot Misses the Net.
6:04 of 3rd period - Shot by Claude Giroux.
6:04 of 3rd period - Stopped by Tristan Jarry without a rebound.
6:05 of 3rd period - Joel Eriksson Ek wins face-off versus Sean Couturier in BOSTON Bruins zone.
6:28 of 3rd period - Justin Schultz is hit by Frank Vatrano and loses puck.
6:37 of 3rd period - Shot by Filip Chytil.
6:37 of 3rd period - Stopped by Tristan Jarry without a rebound.
6:37 of 3rd period - Minor Penalty to Matt Dumba for Roughing.
6:38 of 3rd period - Filip Chytil wins face-off versus Adam Lowry in BOSTON Bruins zone.
6:59 of 3rd period - Shot by Claude Giroux.
6:59 of 3rd period - Shot Misses the Net.
7:01 of 3rd period - Shot by Leon Draisaitl.
7:01 of 3rd period - Stopped by Tristan Jarry with a rebound.
7:03 of 3rd period - Shot by Filip Chytil.
7:03 of 3rd period - Stopped by Tristan Jarry without a rebound.
7:04 of 3rd period - Adam Lowry wins face-off versus Trevor Zegras in BOSTON Bruins zone.
7:27 of 3rd period - Shot by Trevor Zegras.
7:27 of 3rd period - Shot Misses the Net.
7:29 of 3rd period - Shot by Brenden Dillon.
7:29 of 3rd period - Shot Misses the Net.
7:31 of 3rd period - Shot by Sean Couturier.
7:31 of 3rd period - Stopped by Tristan Jarry without a rebound.
7:32 of 3rd period - Filip Chytil wins face-off versus Adam Lowry in BOSTON Bruins zone.
8:01 of 3rd period - Shot by Claude Giroux.
8:01 of 3rd period - Stopped by Tristan Jarry without a rebound.
8:02 of 3rd period - Trevor Zegras wins face-off versus Joel Eriksson Ek in BOSTON Bruins zone.
8:25 of 3rd period - Shot by Trevor Zegras.
8:25 of 3rd period - Shot Misses the Net.
8:27 of 3rd period - Shot by Mike Hoffman.
8:27 of 3rd period - Shot Misses the Net.
8:29 of 3rd period - Shot by Brenden Dillon.
8:29 of 3rd period - Stopped by Tristan Jarry without a rebound.
8:30 of 3rd period - Joel Eriksson Ek wins face-off versus Leon Draisaitl in BOSTON Bruins zone.
9:43 of 3rd period - Shot by Kirill Kaprizov.
9:43 of 3rd period - Shot Blocked by Brenden Dillon.
9:45 of 3rd period - Shot by Shea Theodore.
9:45 of 3rd period - Stopped by Anton Forsberg with a rebound.
10:13 of 3rd period - Trevor Zegras is hit by Adrian Kempe and loses puck.
10:24 of 3rd period - Shot by Adrian Kempe.
10:24 of 3rd period - Deflect By Bo Horvat.
10:24 of 3rd period - Shot Misses the Net.
10:26 of 3rd period - Shot by Bo Horvat.
10:26 of 3rd period - Shot Blocked by Brenden Dillon.
10:28 of 3rd period - Shot by Matt Dumba.
10:28 of 3rd period - Shot Blocked by Brenden Dillon.
10:30 of 3rd period - Shot by Brad Marchand.
10:30 of 3rd period - Shot Blocked by Shea Weber.
10:32 of 3rd period - Shot by Andrew Peeke.
10:32 of 3rd period - Stopped by Anton Forsberg without a rebound.
10:33 of 3rd period - Adam Lowry wins face-off versus Sean Couturier in PHILADELPHIA Flyers zone.
10:33 of 3rd period - Phil Kessel is hit by Alexander Edler and loses puck.
10:41 of 3rd period - Minor Penalty to Justin Schultz for Tripping.
10:42 of 3rd period - Bo Horvat wins face-off versus Leon Draisaitl in PHILADELPHIA Flyers zone.
11:07 of 3rd period - Shot by Bo Horvat.
11:07 of 3rd period - Shot Misses the Net.
11:48 of 3rd period - Shot by Shea Theodore.
11:48 of 3rd period - Stopped by Anton Forsberg without a rebound.
11:49 of 3rd period - Frank Vatrano wins face-off versus Jonathan Drouin in PHILADELPHIA Flyers zone.
11:49 of 3rd period - Tomas Hertl is hit by Brenden Dillon and loses puck.
11:56 of 3rd period - Shot by Frank Vatrano.
11:56 of 3rd period - Shot Misses the Net.
12:10 of 3rd period - Shot by Tomas Hertl.
12:10 of 3rd period - Shot Misses the Net.
12:26 of 3rd period - Shot by Joel Eriksson Ek.
12:26 of 3rd period - Shot Blocked by Brenden Dillon.
12:50 of 3rd period - Shot by Sean Couturier.
12:50 of 3rd period - Stopped by Tristan Jarry with a rebound.
13:09 of 3rd period - Icing by Jaycob Megna.
13:10 of 3rd period - Jonathan Drouin wins face-off versus Adam Lowry in BOSTON Bruins zone.
13:21 of 3rd period - Shot by Sam Gagner.
13:21 of 3rd period - Stopped by Tristan Jarry with a rebound.
13:35 of 3rd period - Shot by Mike Hoffman.
13:35 of 3rd period - Deflect By Sam Gagner.
13:35 of 3rd period - Shot Misses the Net.
13:37 of 3rd period - Shot by Jonathan Drouin.
13:37 of 3rd period - Stopped by Tristan Jarry without a rebound.
13:38 of 3rd period - Bo Horvat wins face-off versus Trevor Zegras in BOSTON Bruins zone.
13:40 of 3rd period - Adrian Kempe is hit by Claude Giroux and loses puck.
13:53 of 3rd period - Shot by Bo Horvat.
13:53 of 3rd period - Stopped by Anton Forsberg without a rebound.
13:54 of 3rd period - Joel Eriksson Ek wins face-off versus Sean Couturier in PHILADELPHIA Flyers zone.
14:19 of 3rd period - Shot by Filip Chytil.
14:19 of 3rd period - Stopped by Tristan Jarry with a rebound.
14:21 of 3rd period - Shot by Filip Chytil.
14:21 of 3rd period - Stopped by Tristan Jarry without a rebound.
14:22 of 3rd period - Leon Draisaitl wins face-off versus Brad Marchand in BOSTON Bruins zone.
14:26 of 3rd period - Claude Giroux is hit by Andrew Peeke and loses puck.
14:35 of 3rd period - Shot by Leon Draisaitl.
14:35 of 3rd period - Stopped by Tristan Jarry without a rebound.
14:36 of 3rd period - Tomas Hertl wins face-off versus Jonathan Drouin in BOSTON Bruins zone.
14:36 of 3rd period - Tomas Hertl is hit by Mike Hoffman.
15:01 of 3rd period - Tomas Hertl is hit by Jonathan Drouin and loses puck.
15:38 of 3rd period - Off-side.
15:39 of 3rd period - Trevor Zegras wins face-off versus Joel Eriksson Ek in neutral zone.
15:44 of 3rd period - Shot by Claude Giroux.
15:44 of 3rd period - Stopped by Tristan Jarry without a rebound.
15:45 of 3rd period - Bo Horvat wins face-off versus Trevor Zegras in BOSTON Bruins zone.
18:10 of 3rd period - Shot by Blake Wheeler.
18:10 of 3rd period - Stopped by Anton Forsberg without a rebound.
18:11 of 3rd period - Trevor Zegras wins face-off versus Adam Lowry in PHILADELPHIA Flyers zone.
18:11 of 3rd period - Trevor Zegras is hit by Michael Pezzetta.
18:25 of 3rd period - Shot by Leon Draisaitl.
18:25 of 3rd period - Stopped by Tristan Jarry without a rebound.
18:26 of 3rd period - Jonathan Drouin wins face-off versus Brad Marchand in BOSTON Bruins zone.
18:44 of 3rd period - Mike Hoffman is hit by Victor Hedman and loses puck.
18:48 of 3rd period - Icing by Shea Theodore.
18:49 of 3rd period - Bo Horvat wins face-off versus Leon Draisaitl in BOSTON Bruins zone.
19:03 of 3rd period - Icing by Brenden Dillon.
19:04 of 3rd period - Joel Eriksson Ek wins face-off versus Trevor Zegras in PHILADELPHIA Flyers zone.
19:07 of 3rd period - Shot by Kirill Kaprizov.
19:07 of 3rd period - Stopped by Anton Forsberg without a rebound.
19:08 of 3rd period - Joel Eriksson Ek wins face-off versus Trevor Zegras in PHILADELPHIA Flyers zone.
19:10 of 3rd period - Kirill Kaprizov is hit by Brenden Dillon and loses puck.
19:28 of 3rd period - Shot by Kirill Kaprizov.
19:28 of 3rd period - Stopped by Anton Forsberg without a rebound.
19:29 of 3rd period - Jonathan Drouin wins face-off versus Bo Horvat in PHILADELPHIA Flyers zone.
19:34 of 3rd period - Shot by Adrian Kempe.
19:34 of 3rd period - Stopped by Anton Forsberg without a rebound.
19:35 of 3rd period - Bo Horvat wins face-off versus Trevor Zegras in PHILADELPHIA Flyers zone.
19:35 of 3rd period - Bo Horvat is hit by Brenden Dillon.
19:47 of 3rd period - Matt Dumba is hit by Claude Giroux and loses puck.
19:57 of 3rd period - Leon Draisaitl is hit by Andrew Peeke and loses puck.
Goals for this period are 0 for PHILADELPHIA Flyers vs 1 for BOSTON Bruins.
Shots for this period are 17 for PHILADELPHIA Flyers vs 16 for BOSTON Bruins. Output by the SimonT Hockey Simulator (STHS) for Martin Benoit - Original Page W3C HTML5 Valid
Hockey Simulator - Hockey Simulation - Hockey Manager